 Dungeon Crawl Stone Soup version 0.30.1-4-g462c640d31 (webtiles) character file.

Game seed: 1123911529170242949

513 Bobit the Chopper (level 7, 0/48 (56) HPs)
             Began as a Gnoll Reaver on Aug 13, 2023.
             Slain by a hound (4 damage)
             ... on level 5 of the Dungeon.
             The game lasted 00:09:45 (4313 turns).

Bobit the Chopper (Gnoll Reaver)                    Turns: 4313, Time: 00:09:45

HP:   0/48 (56)     AC:  7    Str: 13    XL:     7   Next: 20%
MP:   15/15         EV: 13    Int: 12    God:
Gold: 293           SH:  0    Dex: 11    Spells: 8/17 levels left

rFire   . . .        r - +4 mace
rCold   . . .        (no shield)
rNeg    . . .        t - +3 leather armour
rPois   .            (no helmet)
rElec   .            (no cloak)
rCorr   .            (no gloves)
SInv    .            m - +0 pair of boots
Will    .....        (no amulet)
Stlth   ++           (no ring)
HPRegen 0.28/turn    (no ring)
MPRegen 0.14/turn

%: no passive effects
@: hasted, heavily drained, very quick
A: fangs 1, strong nose, distributed training
a: no special abilities


You were on level 5 of the Dungeon.
You visited 1 branch of the dungeon, and saw 5 of its levels.

You collected 293 gold pieces.

Inventory:

Hand Weapons
 a - a +0 hand axe
 r - a +4 mace (weapon)
Missiles
 B - 2 throwing nets
Armour
 b - a +0 leather armour
 d - a +0 chain mail
 m - a +0 pair of boots (worn)
 q - a +0 leather armour
 t - a +3 leather armour (worn)
 y - a +0 ring mail
Scrolls
 c - 2 scrolls of noise {unknown}
 e - 2 scrolls of blinking {unknown}
 f - a scroll of acquirement {unknown}
 g - 2 scrolls of identify {unknown}
 h - 4 scrolls of enchant armour {unknown}
 n - 2 scrolls of immolation {unknown}
 p - a scroll of brand weapon {unknown}
 s - a scroll of poison {unknown}
 w - a scroll of amnesia {unknown}
 A - 3 scrolls of fog {unknown}
Potions
 i - a potion of might {unknown}
 j - 2 potions of berserk rage {unknown}
 l - a potion of mutation {unknown}
 o - a potion of lignification {unknown}
 u - a potion of attraction {unknown}
 v - a potion of magic {unknown}
 x - a potion of haste
 z - a potion of flight {unknown}


   Skills:
 + Level 5.2 Fighting
 + Level 2.4 Short Blades
 + Level 2.4 Long Blades
 + Level 7.0 Axes
 + Level 2.4 Maces & Flails
 + Level 2.4 Polearms
 + Level 2.4 Staves
 + Level 2.4 Ranged Weapons
 + Level 2.4 Throwing
 + Level 2.4 Armour
 + Level 5.2 Dodging
 + Level 2.4 Stealth
 + Level 2.4 Shields
 + Level 2.4 Unarmed Combat
 + Level 5.6 Spellcasting
 + Level 5.8 Conjurations
 + Level 2.0 Hexes
 + Level 2.0 Summonings
 + Level 2.0 Necromancy
 + Level 2.0 Translocations
 + Level 2.0 Transmutations
 + Level 2.0 Fire Magic
 + Level 2.0 Ice Magic
 + Level 2.0 Air Magic
 + Level 2.0 Earth Magic
 + Level 2.0 Poison Magic
 + Level 2.7 Invocations
 + Level 2.4 Evocations


You had 8 spell levels left.
You knew the following spells:

 Your Spells              Type           Power      Damage    Failure   Level
a - Kiss of Death         Conj/Necr      48%        2d9       4%          1
b - Momentum Strike       Conj/Tloc      24%        3d8       8%          2
c - Hailstorm             Conj/Ice       12%        3d5       14%         3
d - Gell's Gravitas       Tloc           8%         N/A       32%         3

Your spell library contained the following spells:

 Spells                   Type           Power      Damage    Failure   Level
 Teleport Other           Tloc           8%         N/A       32%         3
 Dispersal                Tloc           4%         N/A       100%        6


Dungeon Overview and Level Annotations

Branches:
Dungeon (5/15)
 Temple: D:4-7

Altars:
Elyvilon
Uskayaw
Vehumet
Wu Jian
Xom

Shops:
D:2 (

Annotations:
D:3 3 runed translucent doors, jujuben's ghost, amateur TeHu


Innate Abilities, Weirdness & Mutations

You have very sharp teeth.
Your uncanny sense of smell can sniff out nearby items.
Your experience applies equally to all skills.


Message History

The negative energy hits the sleepcap!
The sleepcap is drained!
You destroy the sleepcap!
You feel drained.
You feel sick. The adder barely misses you.
The hound bites you but does no damage. The adder bites you but does no damage.
The adder misses you.
Your Hexes skill increases to level 2!
Your Summonings skill increases to level 2!
Your Necromancy skill increases to level 2!
Your Translocations skill increases to level 2!
Your Transmutations skill increases to level 2!
Your Fire Magic skill increases to level 2!
Your Ice Magic skill increases to level 2!
Your Air Magic skill increases to level 2!
Your Earth Magic skill increases to level 2!
Your Poison Magic skill increases to level 2!
You feel sick. The adder bites you but does no damage.
The hound bites you but does no damage.
Things that are here:
a +0 hand axe; an orc corpse You feel sick.
The adder bites you but does no damage. The hound barely misses you.
The adder bites you but does no damage. The adder attacks as you move away!
The adder closely misses you. The adder attacks as you move away!
The adder closely misses you.
You feel sick.
You are no longer poisoned.
The hound bites you but does no damage. The hound barely misses you.
Casting: Kiss of Death (safe; 4% risk of failure)
Confirm with . or Enter, or press ? or * to list all spells.
Okay, then.
The iguana closely misses you. The hound closely misses you.
The iguana attacks as you move away! The iguana bites you!
* * * LOW HITPOINT WARNING * * *
A hound comes into view.
A jelly comes into view.
It was a potion of haste.
You feel yourself speed up.
The hound barks!
The jelly quivers.
You hear an angry growl.
The hound bites you.
You die...

######..##
.........#
...####..#####
∆#......#######
#.####........
##..).########.
h.# ##.....#
##...###hS....#
...8...@lS.†..#
##..J###.........
.'# ##..........
∆ ##.........#
#.......###
∆#.........
#......... ...


You could see an iguana, 2 hounds, a jelly and 2 adders.

Vanquished Creatures
  2 phantoms
  A howler monkey (D:5)
  A sleepcap (D:5)
  Robin (D:4)
  5 adders
  6 gnolls (D:4)
  2 worms
  4 dart slugs
  8 orcs
  9 endoplasms
  3 giant cockroaches
  46 goblins
  30 hobgoblins
  4 jackals (D:3)
  3 quokkas
  4 ball pythons
  2 bats (D:2)
  A frilled lizard (D:3)
  10 kobolds
  5 rats
147 creatures vanquished.

Notes
Turn   | Place    | Note
-------+----------+-------------------------------------------
     0 | D:1      | Bobit the Gnoll Reaver began the quest for the Orb.
     0 | D:1      | Reached XP level 1. HP: 20/20 MP: 6/6
   140 | D:1      | Reached XP level 2. HP: 24/26 MP: 7/7
   210 | D:1      | You fall into a shaft and drop 1 floor!
   613 | D:2      | Reached skill level 5 in Spellcasting
   613 | D:2      | Reached XP level 3. HP: 25/31 MP: 7/9
   837 | D:2      | Reached skill level 1 in Invocations
   910 | D:2      | Found Suseph's Antique Weapon Emporium.
  1157 | D:3      | Reached skill level 1 in Short Blades
  1157 | D:3      | Reached skill level 1 in Long Blades
  1157 | D:3      | Reached skill level 1 in Maces & Flails
  1157 | D:3      | Reached skill level 1 in Polearms
  1157 | D:3      | Reached skill level 1 in Staves
  1157 | D:3      | Reached skill level 1 in Ranged Weapons
  1157 | D:3      | Reached skill level 1 in Throwing
  1157 | D:3      | Reached skill level 1 in Armour
  1157 | D:3      | Reached skill level 1 in Stealth
  1157 | D:3      | Reached skill level 1 in Shields
  1157 | D:3      | Reached skill level 1 in Unarmed Combat
  1157 | D:3      | Reached skill level 1 in Evocations
  1185 | D:2      | Reached XP level 4. HP: 6/38 MP: 11/11
  1695 | D:3      | Found a runed translucent gate.
  1695 | D:3      | Found a runed translucent gate.
  1695 | D:3      | Found a runed translucent gate.
  1698 | D:3      | Noticed jujuben's ghost (amateur TeHu)
  1702 | D:3      | Identified the +1 chain mail of the Three Emperors {Fly
                  | Str-5 Int+3 Dex+7}
  1769 | D:3      | Reached skill level 1 in Hexes
  1769 | D:3      | Reached skill level 1 in Summonings
  1769 | D:3      | Reached skill level 1 in Necromancy
  1769 | D:3      | Reached skill level 1 in Translocations
  1769 | D:3      | Reached skill level 1 in Transmutations
  1769 | D:3      | Reached skill level 1 in Fire Magic
  1769 | D:3      | Reached skill level 1 in Ice Magic
  1769 | D:3      | Reached skill level 1 in Air Magic
  1769 | D:3      | Reached skill level 1 in Earth Magic
  1769 | D:3      | Reached skill level 1 in Poison Magic
  2130 | D:3      | Found a hide-covered altar of Uskayaw.
  2140 | D:3      | Found an ornate altar of the Wu Jian Council.
  2171 | D:3      | Reached XP level 5. HP: 40/43 MP: 12/12
  2388 | D:3      | Found a radiant altar of Vehumet.
  2573 | D:3      | Found a shimmering altar of Xom.
  2805 | D:4      | Noticed a phantom
  2813 | D:4      | Killed a phantom
  2868 | D:4      | Learned a level 2 spell: Momentum Strike
  2872 | D:4      | Learned a level 3 spell: Hailstorm
  2876 | D:4      | Learned a level 3 spell: Gell's Gravitas
  2882 | D:4      | Noticed Robin
  2901 | D:4      | Killed Robin
  2902 | D:4      | Reached XP level 6. HP: 15/50 MP: 13/13
  3026 | D:4      | Found a white marble altar of Elyvilon.
  3489 | D:4      | Reached skill level 5 in Fighting
  3489 | D:4      | Reached skill level 5 in Dodging
  4234 | D:5      | Entered Level 5 of the Dungeon
  4258 | D:5      | Reached skill level 7 in Axes
  4258 | D:5      | Reached XP level 7. HP: 56/56 MP: 15/15
  4313 | D:5      | Slain by a hound

Illustrated notes

Levels and vault maps discovered:
D:1:      ncdulo_smallfort, layout_loops_cross, ebering_ecumenical_altar_webs
D:2:      layout_basic, serial_shops, nicolae_shop_crystal, serial_park_tiny_1
D:3:      layout_basic, nicolae_overflow_hidden_temple,
          biasface_ghost_orc_armoury, nicolae_eternal_life,
          hangedman_abyss_or_decor_lesser_grid, hex_tiny
D:4:      minmay_goblin_kobold_castle, layout_cave_pools,
          mainiacjoe_overflow_boulevard, uniq_robin
D:5:      cheibrodos_barr_body, layout_basic, minitemple,
          minmay_temple_entry_tees, portal_sewer_entry_e, uniq_prince_ribbit1,
          uniq_menkaure, uniq_grinder

Skill      XL: |  1  2  3  4  5  6  7 |
---------------+----------------------+-----
Spellcasting   | 5 |  5.6
Invocations    | 1 2 |  2.7
Short Blades   | 1 2 |  2.4
Long Blades    | 1 2 |  2.4
Maces & Flails | 1 2 |  2.4
Polearms       | 1 2 |  2.4
Staves         | 1 2 |  2.4
Ranged Weapons | 1 2 |  2.4
Throwing       | 1 2 |  2.4
Armour         | 1 2 |  2.4
Stealth        | 1 2 |  2.4
Shields        | 1 2 |  2.4
Unarmed Combat | 1 2 |  2.4
Evocations     | 1 2 |  2.4
Hexes          | 1 2 |  2.0
Summonings     | 1 2 |  2.0
Necromancy     | 1 2 |  2.0
Translocations | 1 2 |  2.0
Transmutations | 1 2 |  2.0
Fire Magic     | 1 2 |  2.0
Ice Magic      | 1 2 |  2.0
Air Magic      | 1 2 |  2.0
Earth Magic    | 1 2 |  2.0
Poison Magic   | 1 2 |  2.0
Fighting       | 5 |  5.2
Dodging        | 5 |  5.2
Axes           | 7 |  7.0
Conjurations   | |  5.8

Action                     |  1- 3 |  4- 6 |  7- 9 || total
---------------------------+-------+-------+-------++-------
  Melee: Hand axe          |   137 |   101 |       ||   238
         Bite              |    11 |    31 |     3 ||    45
         Mace              |       |   122 |    20 ||   142
         Punch             |       |       |     1 ||     1
   Cast: Hailstorm         |       |    12 |       ||    12
         Kiss of Death     |       |       |     1 ||     1
    Use: Potion            |       |       |     3 ||     3
   Stab: Sleeping          |       |     1 |       ||     1
 Armour: Chain mail        |    56 |    59 |       ||   115
         Leather armour    |       |    86 |    34 ||   120
  Dodge: Dodged            |    51 |   199 |    68 ||   318
